[Event "13th Leiden Open 2019"]
[Site "Leiden"]
[Date "2019.07.12"]
[Round "1.7"]
[White "Ikonnikov, Vyacheslav"]
[Black "Johansson, Jukka"]
[Result "1-0"]
[ECO "E15"]
[WhiteElo "2499"]
[BlackElo "2075"]
[Annotator "ChessBase"]
[PlyCount "83"]
[EventDate "2019.07.08"]
[EventType "swiss"]
[EventCountry "NED"]
[SourceTitle "playchess.com"]
[Source "ChessBase"]
[SourceQuality "1"]
[TimeControl "40/5400+30:1800+30"]

1. d4 Nf6 2. Nf3 e6 3. c4 b6 4. g3 Ba6 5. b3 Bb4+ 6. Bd2 Be7 7. Bg2 d5 8. cxd5 exd5 9. O-O O-O 10. Nc3 Nbd7 11. Qc2 Bb7 12. Rfd1 Rc8 13. Nb5 c5 14. Nxa7 Ra8 15. Nb5 Rc8 16. Qb2 Ne4 17. Bf4 g5 18. Bd2 Bf6 19. Ne5 Qe7 20. Nxd7 Qxd7 21. a4 Ba6 22. Bxe4 dxe4 23. Bc3 Rfd8 24. d5 Bxc3 25. Nxc3 Re8 26. d6 Bb7 27. Nd5 Bxd5 28. Rxd5 h6 29. Qf6 Qe6 30. Qxe6 Rxe6 31. a5 bxa5 32. Rxa5 Rd8 33. Ra6 Kg7 34. e3 Rd7 35. Rc6 Kf6 36. Kf1 Re5 37. Rcxc5 Rxd5 38. Rxd5 Ke6 39. Rd4 f5 40. Ke2 Rxd6 41. Rxd6+ Kxd6 42. Kd2 1-0

[Event "13th Leiden Open 2019"]
[Site "Leiden"]
[Date "2019.07.12"]
[Round "1.10"]
[White "Baak, Evert"]
[Black "Bueno, Mark"]
[Result "0-1"]
[ECO "E02"]
[WhiteElo "1807"]
[BlackElo "1976"]
[Annotator "NA"]
[PlyCount "60"]
[EventDate "2019.07.08"]
[EventType "swiss"]
[EventCountry "NED"]
[SourceTitle "playchess.com"]
[Source "ChessBase"]
[SourceQuality "1"]
[TimeControl "40/5400+30:1800+30"]

1. Nf3 Nf6 2. d4 e6 3. c4 d5 4. g3 Be7 5. Bg2 O-O 6. O-O dxc4 7. Qa4 Bd7 8. Qxc4 Bc6 9. Nc3 Nbd7 10. Rd1 Nb6 11. Qd3 Nbd5 12. Ne5 Nxc3 13. bxc3 Bxg2 14. Kxg2 Qd5+ 15. f3 Rfd8 16. a4 Nd7 17. Nc4 b6 18. e4 Qb7 19. Ne3 c5 20. Ba3 Rac8 21. Qb5 Qc7 22. Rac1 h5 23. f4 Qb7 24. d5 Nf6 25. Qd3 exd5 26. exd5 c4 27. Nxc4 Bxa3 28. Nxa3 Nxd5 29. Kg1 Qe7 30. Nb5 Nxf4 0-1

[Event "13th Leiden Open 2019"]
[Site "Leiden"]
[Date "2019.07.13"]
[Round "2.6"]
[White "Chanda, Sandipan"]
[Black "Damen, Jip"]
[Result "1-0"]
[ECO "E52"]
[WhiteElo "2516"]
[BlackElo "2179"]
[Annotator "ChessBase"]
[PlyCount "49"]
[EventDate "2019.07.08"]
[EventType "swiss"]
[EventCountry "NED"]
[SourceTitle "playchess.com"]
[Source "ChessBase"]
[SourceQuality "1"]
[TimeControl "40/5400+30:1800+30"]

1. d4 Nf6 2. c4 e6 3. Nc3 Bb4 4. e3 O-O 5. Bd2 b6 6. Nf3 Bb7 7. Bd3 d5 8. cxd5 exd5 9. Rc1 Be7 10. O-O c5 11. Ne5 Nc6 12. Ba6 Bxa6 13. Nxc6 Qc7 14. Nxe7+ Qxe7 15. Re1 Rac8 16. f3 cxd4 17. exd4 Qb4 18. Bg5 Qxb2 19. Rc2 Qa3 20. Bxf6 gxf6 21. Nxd5 Rxc2 22. Qxc2 Qd6 23. Ne7+ Kh8 24. Re4 Qa3 25. Qc6 1-0

[Event "13th Leiden Open 2019"]
[Site "Leiden"]
[Date "2019.07.13"]
[Round "2.7"]
[White "Suvrajit, Saha"]
[Black "Ikonnikov, Vyacheslav"]
[Result "1/2-1/2"]
[ECO "E11"]
[WhiteElo "2189"]
[BlackElo "2499"]
[Annotator "ChessBase"]
[PlyCount "72"]
[EventDate "2019.07.08"]
[EventType "swiss"]
[EventCountry "NED"]
[SourceTitle "playchess.com"]
[Source "ChessBase"]
[SourceQuality "1"]
[TimeControl "40/5400+30:1800+30"]

1. d4 Nf6 2. c4 e6 3. Nf3 Bb4+ 4. Bd2 a5 5. a3 Bxd2+ 6. Qxd2 d6 7. Nc3 Nbd7 8. g3 O-O 9. Bg2 e5 10. O-O exd4 11. Nxd4 a4 12. Rac1 Nc5 13. Nd5 c6 14. Nxf6+ Qxf6 15. Rfd1 Be6 16. Qf4 Qxf4 17. gxf4 Rfd8 18. Rc3 f6 19. Bh3 Bf7 20. Nf5 Kf8 21. Nxd6 Ne4 22. Rcd3 Rxd6 23. Rxd6 Nxd6 24. Rxd6 Bxc4 25. e3 Bd5 26. Rd7 Ra5 27. Rxb7 Rc5 28. f3 Bb3 29. e4 Rc2 30. e5 fxe5 31. fxe5 Rxb2 32. Bf5 Re2 33. Rb8+ Ke7 34. Rb7+ Kf8 35. Rb8+ Ke7 36. Rb7+ Kf8 1/2-1/2

[Event "13th Leiden Open 2019"]
[Site "Leiden"]
[Date "2019.07.13"]
[Round "2.8"]
[White "Beerdsen, Thomas"]
[Black "Gieben, Stijn"]
[Result "1-0"]
[ECO "B84"]
[WhiteElo "2497"]
[BlackElo "2149"]
[Annotator "ChessBase"]
[PlyCount "55"]
[EventDate "2019.07.08"]
[EventType "swiss"]
[EventCountry "NED"]
[SourceTitle "playchess.com"]
[Source "ChessBase"]
[SourceQuality "1"]
[TimeControl "40/5400+30:1800+30"]

1. e4 c5 2. Nf3 e6 3. d4 cxd4 4. Nxd4 Nc6 5. Nc3 Qc7 6. Be3 a6 7. Qd2 Nf6 8. f4 d6 9. O-O-O Be7 10. Kb1 O-O 11. Be2 Bd7 12. g4 Nxd4 13. Bxd4 Bc6 14. Bf3 Nd7 15. Be3 b5 16. g5 Qb7 17. Nd5 Bd8 18. Rhg1 Re8 19. Qg2 Bxd5 20. exd5 e5 21. f5 e4 22. g6 hxg6 23. fxg6 f5 24. Qh3 Nf6 25. Be2 Re5 26. Bd4 Rxd5 27. Bxf6 Bxf6 28. Qb3 1-0

[Event "13th Leiden Open 2019"]
[Site "Leiden"]
[Date "2019.07.13"]
[Round "2.9"]
[White "Hoogland, Mike"]
[Black "Ivanov, Sergey"]
[Result "1/2-1/2"]
[ECO "E15"]
[WhiteElo "2148"]
[BlackElo "2496"]
[Annotator "RC"]
[PlyCount "100"]
[EventDate "2019.07.08"]
[EventType "swiss"]
[EventCountry "NED"]
[SourceTitle "playchess.com"]
[Source "ChessBase"]
[SourceQuality "1"]
[TimeControl "40/5400+30:1800+30"]

1. d4 Nf6 2. c4 e6 3. Nf3 b6 4. g3 Ba6 5. b3 d5 6. Bg2 Bb4+ 7. Bd2 Be7 8. O-O O-O 9. Nc3 Bb7 10. Bf4 c5 11. Qd3 Na6 12. Rad1 Qc8 13. Nb5 Rd8 14. Qb1 dxc4 15. bxc4 cxd4 16. Nfxd4 Bxg2 17. Kxg2 Qxc4 18. e4 Qc8 19. Rc1 Nc5 20. Rfd1 Qb7 21. f3 Rd7 22. Nb3 Rad8 23. Nxc5 Bxc5 24. Kh3 h6 25. Bc7 Rxd1 26. Rxd1 Rd7 27. Be5 Nh7 28. Kg2 f5 29. exf5 Ng5 30. Qb3 Rxd1 31. Qxd1 exf5 32. Qd3 Qf7 33. Nc3 Qe6 34. Bf4 Nf7 35. Nd5 Ne5 36. Bxe5 Qxe5 37. a4 g5 38. Nc3 Kf7 39. Qc4+ Kg7 40. Qd3 h5 41. g4 fxg4 42. fxg4 Bd6 43. Ne4 Qxh2+ 44. Kf1 Qf4+ 45. Ke1 Bb4+ 46. Kd1 Qxg4+ 47. Kc2 Be7 48. Qc3+ Kf7 49. Qb3+ Qe6 50. Qf3+ Kg6 1/2-1/2

[Event "13th Leiden Open 2019"]
[Site "Leiden"]
[Date "2019.07.13"]
[Round "2.10"]
[White "Bueno, Mark"]
[Black "Baak, Karl"]
[Result "1-0"]
[ECO "C00"]
[WhiteElo "1976"]
[BlackElo "1851"]
[Annotator "NA"]
[PlyCount "55"]
[EventDate "2019.07.08"]
[EventType "swiss"]
[EventCountry "NED"]
[SourceTitle "playchess.com"]
[Source "ChessBase"]
[SourceQuality "1"]
[TimeControl "40/5400+30:1800+30"]

1. e4 e6 2. d3 d5 3. Nd2 c5 4. Ngf3 Nc6 5. g3 Nf6 6. Bg2 Be7 7. O-O O-O 8. e5 Nd7 9. Re1 Qc7 10. Qe2 b5 11. Nf1 a5 12. Bf4 Ba6 13. h4 Nd4 14. Nxd4 cxd4 15. h5 h6 16. Nh2 Rfc8 17. Rec1 Qd8 18. Nf3 Qb6 19. Qd2 Bf8 20. g4 Rc6 21. g5 Kh7 22. Kh1 Rac8 23. Bh2 Bb4 24. Qf4 Rf8 25. gxh6 gxh6 26. Rg1 Rxc2 27. Nxd4 Rxf2 28. Be4+ 1-0

[Event "13th Leiden Open 2019"]
[Site "Leiden"]
[Date "2019.07.14"]
[Round "3.1"]
[White "Nikolic, Predrag"]
[Black "Kuipers, Stefan"]
[Result "1/2-1/2"]
[ECO "A32"]
[WhiteElo "2574"]
[BlackElo "2435"]
[Annotator "ChessBase"]
[PlyCount "69"]
[EventDate "2019.07.08"]
[EventType "swiss"]
[EventCountry "NED"]
[SourceTitle "playchess.com"]
[Source "ChessBase"]
[SourceQuality "1"]
[TimeControl "40/5400+30:1800+30"]

1. d4 Nf6 2. c4 c5 3. Nf3 e6 4. g3 cxd4 5. Nxd4 Nc6 6. Bg2 Bc5 7. Nb3 Bb6 8. Nc3 O-O 9. O-O h6 10. c5 Bc7 11. Be3 Ng4 12. Qc1 b6 13. Rd1 Nxe3 14. Qxe3 Qg5 15. Qxg5 hxg5 16. cxb6 Bxb6 17. Na4 d5 18. e4 Ne7 19. exd5 Nxd5 20. Bxd5 exd5 21. Nxb6 axb6 22. f3 g4 23. fxg4 Bxg4 24. Rxd5 Rfd8 25. Rb5 Rac8 26. Rb4 Be6 27. Nd4 Bc4 28. Nf5 Rc5 29. Ne3 Be6 30. Rxb6 Rd2 31. Re1 Bxa2 32. Nf1 Rdc2 33. Ne3 Rd2 34. Nf1 Rdc2 35. Ne3 1/2-1/2

[Event "13th Leiden Open 2019"]
[Site "Leiden"]
[Date "2019.07.14"]
[Round "3.2"]
[White "Pruijssers, Roeland"]
[Black "Pijpers, Arthur"]
[Result "1/2-1/2"]
[ECO "C08"]
[WhiteElo "2534"]
[BlackElo "2474"]
[Annotator "ChessBase"]
[PlyCount "80"]
[EventDate "2019.07.08"]
[EventType "swiss"]
[EventCountry "NED"]
[SourceTitle "playchess.com"]
[Source "ChessBase"]
[SourceQuality "1"]
[TimeControl "40/5400+30:1800+30"]

1. e4 e6 2. d4 d5 3. Nd2 c5 4. exd5 exd5 5. Ngf3 Nf6 6. Bb5+ Bd7 7. Bxd7+ Nbxd7 8. O-O Be7 9. dxc5 Nxc5 10. Re1 O-O 11. Nf1 Re8 12. Be3 a5 13. h3 a4 14. a3 Qd7 15. Bd4 Ne6 16. Be5 Rad8 17. Ng3 Nc5 18. Bd4 Ne6 19. Nf5 Nxd4 20. Nxe7+ Rxe7 21. Nxd4 Ne4 22. Qd3 Rde8 23. Rad1 Qc7 24. Re2 g6 25. Rde1 Qb6 26. c3 Nc5 27. Qc2 Re4 28. Qd2 Qa6 29. Re3 Nd3 30. R1e2 Rxe3 31. Rxe3 Rxe3 32. Qxe3 Nxb2 33. Qe8+ Kg7 34. Qe5+ Qf6 35. Qxd5 Nd1 36. Nf3 Nxc3 37. Qxb7 Ne2+ 38. Kf1 Nd4 39. Nxd4 Qxd4 40. Qf3 Qa1+ 1/2-1/2

[Event "13th Leiden Open 2019"]
[Site "Leiden"]
[Date "2019.07.14"]
[Round "3.3"]
[White "Schekachikhin, Maksim"]
[Black "Lalith Babu M R"]
[Result "1/2-1/2"]
[ECO "D37"]
[WhiteElo "2415"]
[BlackElo "2580"]
[Annotator "ChessBase"]
[PlyCount "55"]
[EventDate "2019.07.08"]
[EventType "swiss"]
[EventCountry "NED"]
[SourceTitle "playchess.com"]
[Source "ChessBase"]
[SourceQuality "1"]
[TimeControl "40/5400+30:1800+30"]

1. d4 Nf6 2. c4 e6 3. Nf3 d5 4. Nc3 a6 5. cxd5 exd5 6. Bg5 Be6 7. e3 Nbd7 8. h3 Bd6 9. Bd3 c6 10. Bf4 Qc7 11. Bxd6 Qxd6 12. Qc2 h6 13. Nd2 O-O 14. O-O c5 15. dxc5 Nxc5 16. Rfd1 Rac8 17. Rac1 Qb6 18. Be2 Nce4 19. Ndxe4 Nxe4 20. Bf3 Nxc3 21. bxc3 Rc5 22. Rd4 Rfc8 23. Qd2 Qa5 24. Rd1 Qxc3 25. Qxc3 Rxc3 26. Bxd5 Bxd5 27. Rxd5 R8c7 28. a4 1/2-1/2

[Event "13th Leiden Open 2019"]
[Site "Leiden"]
[Date "2019.07.14"]
[Round "3.5"]
[White "Stefansson, Hannes"]
[Black "Das, Arghyadip"]
[Result "1/2-1/2"]
[ECO "B81"]
[WhiteElo "2562"]
[BlackElo "2439"]
[Annotator "ChessBase"]
[PlyCount "87"]
[EventDate "2019.07.08"]
[EventType "swiss"]
[EventCountry "NED"]
[SourceTitle "playchess.com"]
[Source "ChessBase"]
[SourceQuality "1"]
[TimeControl "40/5400+30:1800+30"]

1. e4 c5 2. Nf3 d6 3. d4 cxd4 4. Nxd4 Nf6 5. Nc3 a6 6. h3 e6 7. g4 b5 8. g5 Nfd7 9. a3 Bb7 10. h4 Nc6 11. Be3 Rc8 12. Nxc6 Rxc6 13. Qd4 Ne5 14. O-O-O Qc8 15. f4 Nc4 16. Bxc4 Rxc4 17. Qd3 a5 18. Bd4 b4 19. axb4 axb4 20. Nd5 exd5 21. exd5 Bxd5 22. Rhe1+ Kd7 23. Bg1 Qc6 24. Bd4 Be7 25. b3 Rxd4 26. Qxd4 Be6 27. Qa7+ Qc7 28. Qxc7+ Kxc7 29. f5 Kd7 30. fxe6+ fxe6 31. Kd2 h6 32. Ra1 e5 33. Ra7+ Ke6 34. gxh6 Rxh6 35. Re4 d5 36. Rg4 g6 37. Rb7 e4 38. Ke3 Bxh4 39. Rxb4 Bf6 40. Rb5 Rh3+ 41. Ke2 Rh2+ 42. Kd1 Rh1+ 43. Ke2 Rh2+ 44. Kd1 1/2-1/2

[Event "13th Leiden Open 2019"]
[Site "Leiden"]
[Date "2019.07.17"]
[Round "5.6"]
[White "Ivanov, Sergey"]
[Black "Chanda, Sandipan"]
[Result "0-1"]
[ECO "A40"]
[WhiteElo "2496"]
[BlackElo "2516"]
[Annotator "ChessBase"]
[PlyCount "56"]
[EventDate "2019.07.08"]
[EventType "swiss"]
[EventCountry "NED"]
[SourceTitle "playchess.com"]
[Source "ChessBase"]
[SourceQuality "1"]
[TimeControl "40/5400+30:1800+30"]

1. d4 f5 2. c4 Nf6 3. Nc3 e6 4. Qc2 b6 5. e3 Bb7 6. Nge2 Bd6 7. a3 O-O 8. b4 c5 9. b5 cxd4 10. Nxd4 Qc7 11. Nf3 Ng4 12. Bb2 Nxh2 13. Nxh2 Bxh2 14. O-O-O Be5 15. f4 Bf6 16. Rh2 Qc5 17. Rh3 a6 18. g4 axb5 19. g5 Be4 20. Bd3 Bxd3 21. Rxd3 Bxc3 22. Rxc3 b4 23. axb4 Qxb4 24. Qh2 Ra2 25. e4 Nc6 26. exf5 Rfa8 27. Rxh7 Ra1+ 28. Kc2 Qxb2+ 0-1

[Event "13th Leiden Open 2019"]
[Site "Leiden"]
[Date "2019.07.17"]
[Round "5.7"]
[White "Ikonnikov, Vyacheslav"]
[Black "Van der Werf, Mark"]
[Result "1/2-1/2"]
[ECO "A70"]
[WhiteElo "2499"]
[BlackElo "2394"]
[Annotator "ChessBase"]
[PlyCount "61"]
[EventDate "2019.07.08"]
[EventType "swiss"]
[EventCountry "NED"]
[SourceTitle "playchess.com"]
[Source "ChessBase"]
[SourceQuality "1"]
[TimeControl "40/5400+30:1800+30"]

1. d4 Nf6 2. Nf3 e6 3. c4 c5 4. d5 exd5 5. cxd5 d6 6. Nc3 g6 7. e4 a6 8. h3 b5 9. Bd3 Bg7 10. O-O O-O 11. Re1 Re8 12. Bf4 Bb7 13. a3 Qb6 14. Qd2 Nbd7 15. b4 Rac8 16. Rac1 Re7 17. Be3 Qd8 18. Bh6 Bh8 19. Bg5 Re8 20. Bb1 Bg7 21. Ne2 Qe7 22. Ng3 Qf8 23. Bf4 Nb6 24. Ba2 Nfd7 25. h4 Na4 26. bxc5 Rxc5 27. Rxc5 Naxc5 28. h5 Qe7 29. Bg5 Bf6 30. Bxf6 Qxf6 31. Re3 1/2-1/2

[Event "13th Leiden Open 2019"]
[Site "Leiden"]
[Date "2019.07.17"]
[Round "5.8"]
[White "Suvrajit, Saha"]
[Black "Beerdsen, Thomas"]
[Result "1/2-1/2"]
[ECO "E11"]
[WhiteElo "2189"]
[BlackElo "2497"]
[Annotator "ChessBase"]
[PlyCount "82"]
[EventDate "2019.07.08"]
[EventType "swiss"]
[EventCountry "NED"]
[SourceTitle "playchess.com"]
[Source "ChessBase"]
[SourceQuality "1"]
[TimeControl "40/5400+30:1800+30"]

1. d4 e6 2. c4 Nf6 3. Nf3 Bb4+ 4. Bd2 c5 5. dxc5 Bxc5 6. Nc3 O-O 7. e3 Nc6 8. a3 d5 9. cxd5 exd5 10. Be2 Bg4 11. O-O Qe7 12. Nd4 Bxe2 13. Nxc6 bxc6 14. Qxe2 Bd6 15. Rfd1 Rfb8 16. Be1 Rb3 17. Rac1 Rab8 18. Rc2 h5 19. f3 Nd7 20. Bf2 Be5 21. Na4 Qf6 22. Qa6 Bxb2 23. Rxc6 Qd8 24. Nxb2 Rxb2 25. Bg3 Rb1 26. Qf1 Rxd1 27. Qxd1 Rb6 28. Rc1 Qg5 29. Bf4 Qf5 30. Rc8+ Nf8 31. Rb8 Rxb8 32. Bxb8 a6 33. Ba7 Qd7 34. Bd4 Ne6 35. Qc2 Qb5 36. Qc8+ Kh7 37. Qc2+ Kh6 38. h4 Qa5 39. Qc3 Qa4 40. Kf2 a5 41. Qd3 Nxd4 1/2-1/2

[Event "13th Leiden Open 2019"]
[Site "Leiden"]
[Date "2019.07.17"]
[Round "5.9"]
[White "Lai, Hing Ting"]
[Black "Roorda, Thijs"]
[Result "1/2-1/2"]
[ECO "A04"]
[WhiteElo "2460"]
[BlackElo "2108"]
[Annotator "ChessBase"]
[PlyCount "90"]
[EventDate "2019.07.08"]
[EventType "swiss"]
[EventCountry "NED"]
[SourceTitle "playchess.com"]
[Source "ChessBase"]
[SourceQuality "1"]
[TimeControl "40/5400+30:1800+30"]

1. Nf3 f5 2. d3 d6 3. e4 e5 4. Nc3 Nf6 5. exf5 Bxf5 6. d4 e4 7. Nh4 Qd7 8. Bg5 Be7 9. Bxf6 Bxf6 10. Nxf5 Qxf5 11. g4 Qa5 12. g5 Bxg5 13. Bb5+ Kd8 14. Qg4 Bf6 15. Qxe4 a6 16. Ba4 c6 17. O-O-O Nd7 18. Qe6 Kc7 19. h4 Rae8 20. Qg4 h5 21. Qg6 Re7 22. Kb1 Nf8 23. Qg3 Qf5 24. Bb3 Ng6 25. f3 Re3 26. Rhg1 Nxh4 27. Ne4 Rd8 28. Nxf6 Qxf6 29. Qxg7+ Qxg7 30. Rxg7+ Rd7 31. Rxd7+ Kxd7 32. Bf7 Nf5 33. Bxh5 Nxd4 34. Rg1 Nxf3 35. Bxf3 Rxf3 36. Rg7+ Ke6 37. b3 Rf7 38. Rg8 d5 39. Kb2 Kd6 40. Rg6+ Kc5 41. Rg5 a5 42. a4 Re7 43. Rh5 b5 44. axb5 cxb5 45. Rh8 Rd7 1/2-1/2

[Event "13th Leiden Open 2019"]
[Site "Leiden"]
[Date "2019.07.17"]
[Round "5.10"]
[White "De Lange, Steyn"]
[Black "Bueno, Mark"]
[Result "1/2-1/2"]
[ECO "A13"]
[WhiteElo "1914"]
[BlackElo "1976"]
[Annotator "NA"]
[PlyCount "119"]
[EventDate "2019.07.08"]
[EventType "swiss"]
[EventCountry "NED"]
[SourceTitle "playchess.com"]
[Source "ChessBase"]
[SourceQuality "1"]
[TimeControl "40/5400+30:1800+30"]

1. c4 Nf6 2. Nf3 e6 3. Nc3 d5 4. cxd5 exd5 5. g3 Be7 6. Bg2 O-O 7. d3 c6 8. O-O Re8 9. Qc2 Na6 10. a3 Nc7 11. e4 Bd6 12. Be3 Qe7 13. Rfe1 dxe4 14. dxe4 Ng4 15. b4 Nxe3 16. Rxe3 Ne6 17. Rd1 Bc7 18. Red3 a5 19. b5 Nc5 20. R3d2 Bg4 21. bxc6 bxc6 22. h3 Bxf3 23. Bxf3 Be5 24. Na4 Nxa4 25. Qxa4 h6 26. Kg2 c5 27. Rd7 Qf6 28. Qc4 Rac8 29. R1d5 Bd4 30. R5d6 Qe5 31. Qxf7+ Kh7 32. Rd5 Qe6 33. Qxe6 Rxe6 34. Bg4 Rf6 35. Rf5 Rb8 36. Rxf6 Bxf6 37. Bf5+ Kg8 38. Ra7 Bc3 39. Rc7 Bd4 40. Rc8+ Rxc8 41. Bxc8 a4 42. Bd7 Bb2 43. Bxa4 Bxa3 44. Bb3+ Kf8 45. Kf3 Ke7 46. Kf4 Bb2 47. e5 Bd4 48. f3 Bf2 49. g4 Bh4 50. Kf5 Bg3 51. f4 Bh2 52. e6 Bg1 53. Kg6 Be3 54. Kxg7 Bxf4 55. h4 Bg3 56. Kxh6 Bxh4 57. g5 Kf8 58. Kg6 Bf2 59. Kf5 Bd4 60. Ke4 1/2-1/2

[Event "13th Leiden Open 2019"]
[Site "Leiden"]
[Date "2019.07.18"]
[Round "6.10"]
[White "Bueno, Mark"]
[Black "Van der Werf, Joel"]
[Result "1-0"]
[ECO "B33"]
[WhiteElo "1976"]
[BlackElo "1878"]
[Annotator "NA RC"]
[PlyCount "103"]
[EventDate "2019.07.08"]
[EventType "swiss"]
[EventCountry "NED"]
[SourceTitle "playchess.com"]
[Source "ChessBase"]
[SourceQuality "1"]
[TimeControl "40/5400+30:1800+30"]

1. e4 c5 2. Nf3 Nc6 3. d4 cxd4 4. Nxd4 Nf6 5. Nc3 e5 6. Ndb5 d6 7. Bg5 a6 8. Na3 b5 9. Nd5 Be7 10. Bxf6 Bxf6 11. c3 O-O 12. Be2 Bg5 13. Bg4 {[%emt 0:06:04] B33: Sicilian: Pelikan and Sveshnikov Variations} (13. Nc2 Ne7 14. Nxe7+ Qxe7 15. O-O Bb7 16. Qd3 d5 17. exd5 Rad8 18. c4 bxc4 19. Qa3 Qc7 20. Rfd1 Bxd5 21. Qxa6 Ra8 {1-0 (72) Tukhaev,A (2527)-Carlsen,M (2835) St Petersburg 2018}) 13... Be6 14. O-O Rb8 15. Nc2 Qd7 16. Bf3 a5 17. Qd3 b4 18. c4 Ne7 $146 ({Predecessor:} 18... Qa7 19. b3 Qc5 20. Nc7 Qb6 21. Nb5 Na7 22. Nxa7 Qxa7 {½-½ (52) Marek,M (2398)-Kernazhitsky,L (2265) Tatranske Zruby 2015}) 19. Nxe7+ Bxe7 20. Ne3 Rfc8 21. b3 Rc5 22. Rfd1 g6 23. Rd2 Rbc8 24. Rad1 Kg7 $11 25. Qe2 R8c7 26. g3 Ra7 27. Bg2 Qc8 28. Rf1 f6 29. Qd1 Bf8 30. f4 Bf7 31. fxe5 fxe5 32. Rdf2 Rcc7 33. Nd5 Rcb7 34. h4 Qc5 35. Qf3 Rb8 36. h5 gxh5 37. Nf6 Kh8 38. Nxh5 Bxh5 39. Qxh5 Bg7 40. Kh2 Qc8 41. Bh3 Qe8 42. Qd1 Rd8 43. Bf5 Bf6 44. Kg2 h6 45. Bd7 Qxd7 46. Rxf6 Qh7 47. R1f5 Rg7 48. Qh5 Rdg8 49. Rxh6 Rxg3+ 50. Kf2 Rg2+ 51. Ke1 Rg1+ 52. Rf1 1-0

[Event "13th Leiden Open 2019"]
[Site "Leiden"]
[Date "2019.07.19"]
[Round "7.10"]
[White "Mostert, Joost"]
[Black "Bueno, Mark"]
[Result "0-1"]
[ECO "E52"]
[WhiteElo "1959"]
[BlackElo "1976"]
[Annotator "NA"]
[PlyCount "114"]
[EventDate "2019.07.08"]
[EventType "swiss"]
[EventCountry "NED"]
[SourceTitle "playchess.com"]
[Source "ChessBase"]
[SourceQuality "1"]
[TimeControl "40/5400+30:1800+30"]

1. d4 Nf6 2. c4 e6 3. Nc3 Bb4 4. e3 O-O 5. Bd3 d5 6. Nf3 b6 7. O-O Ba6 8. cxd5 Bxd3 9. Qxd3 exd5 10. a3 Bxc3 11. bxc3 Nbd7 12. c4 c6 13. Bb2 Rc8 14. Rad1 Re8 15. h3 Ne4 16. Ne5 f6 17. Nxd7 Qxd7 18. a4 Nd6 19. c5 bxc5 20. dxc5 Ne4 21. Bd4 Qe7 22. Qc2 Rb8 23. Rb1 Qc7 24. f3 Ng5 25. Qf5 Qf7 26. a5 Qg6 27. Qxg6 hxg6 28. a6 Ne6 29. Kf2 Nc7 30. Rb7 Rxb7 31. axb7 Rb8 32. Rb1 Ne6 33. g4 Nd8 34. g5 Kf7 35. gxf6 gxf6 36. e4 dxe4 37. fxe4 Rxb7 38. Rf1 Ne6 39. Be3 a5 40. Rd1 a4 41. Ra1 Ra7 42. Ra3 Nc7 43. Bf4 Nb5 44. Ra1 a3 45. Be3 a2 46. Ke2 Ra3 47. h4 Nc3+ 48. Kf3 Nd1 49. Rxd1 a1=Q 50. Rxa1 Rxa1 51. Bd4 Ra4 52. Be3 Ke6 53. Bf4 Rd4 54. Ke3 Rc4 55. Bd6 f5 56. exf5+ Kxf5 57. Be7 Re4+ 0-1

[Event "13th Leiden Open 2019"]
[Site "Leiden"]
[Date "2019.07.20"]
[Round "8.6"]
[White "Chanda, Sandipan"]
[Black "Ikonnikov, Vyacheslav"]
[Result "1/2-1/2"]
[ECO "E51"]
[WhiteElo "2516"]
[BlackElo "2499"]
[Annotator "ChessBase"]
[PlyCount "51"]
[EventDate "2019.07.08"]
[EventType "swiss"]
[EventCountry "NED"]
[SourceTitle "playchess.com"]
[Source "ChessBase"]
[SourceQuality "1"]
[TimeControl "40/5400+30:1800+30"]

1. d4 Nf6 2. c4 e6 3. Nc3 Bb4 4. e3 O-O 5. Bd2 d5 6. Nf3 a6 7. a3 Be7 8. c5 Nbd7 9. Bd3 c6 10. b4 Qc7 11. e4 dxe4 12. Nxe4 e5 13. Nxf6+ Bxf6 14. O-O exd4 15. Re1 g6 16. Bh6 Bg7 17. Qd2 Nf6 18. Bf4 Qd8 19. Bd6 Re8 20. Bc4 Ne4 21. Qa2 Nxd6 22. cxd6 Rf8 23. Re7 Qxd6 24. Rae1 Bf6 25. Rxf7 Kh8 26. Rxf8+ 1/2-1/2

[Event "13th Leiden Open 2019"]
[Site "Leiden"]
[Date "2019.07.20"]
[Round "8.7"]
[White "Van Vliet, Jeffrey"]
[Black "Ivanov, Sergey"]
[Result "1/2-1/2"]
[ECO "C17"]
[WhiteElo "2380"]
[BlackElo "2496"]
[Annotator "ChessBase"]
[PlyCount "113"]
[EventDate "2019.07.08"]
[EventType "swiss"]
[EventCountry "NED"]
[SourceTitle "playchess.com"]
[Source "ChessBase"]
[SourceQuality "1"]
[TimeControl "40/5400+30:1800+30"]

1. e4 e6 2. d4 d5 3. Nc3 Bb4 4. e5 c5 5. Bd2 Ne7 6. Nb5 Bxd2+ 7. Qxd2 O-O 8. Nf3 Nbc6 9. c3 a6 10. Na3 cxd4 11. cxd4 f6 12. exf6 Rxf6 13. Bd3 Qb6 14. O-O-O Bd7 15. Nc2 Be8 16. Rde1 Bg6 17. Kb1 Bxd3 18. Qxd3 Ng6 19. Ng5 Rxf2 20. Rxe6 Nf8 21. Re2 Rxe2 22. Qxe2 Nxd4 23. Qe5 Nde6 24. Qxd5 Rd8 25. Qf5 Nxg5 26. Qxg5 Ne6 27. Qe5 Qd6 28. Qxd6 Rxd6 29. Re1 Kf7 30. Ne3 Rd2 31. Kc1 Rf2 32. Rf1 Rxf1+ 33. Nxf1 Kf6 34. Kd2 Ke5 35. Ne3 h5 36. Nc4+ Kd4 37. Nd6 b5 38. Nf5+ Ke5 39. Ne7 Ke4 40. Nc6 Nf4 41. g3 Ne6 42. Nb4 a5 43. Nc6 Kf3 44. Nxa5 Kg2 45. Ke3 Kxh2 46. Kf2 Ng5 47. b3 Ne4+ 48. Kf3 Nxg3 49. a4 bxa4 50. bxa4 g5 51. Nc4 g4+ 52. Kf4 Ne2+ 53. Kg5 g3 54. Ne3 Kg1 55. Nf5 Kf2 56. Nxg3 Kxg3 57. Kxh5 1/2-1/2

[Event "13th Leiden Open 2019"]
[Site "Leiden"]
[Date "2019.07.20"]
[Round "8.8"]
[White "Lai, Hing Ting"]
[Black "Suvrajit, Saha"]
[Result "1-0"]
[ECO "A30"]
[WhiteElo "2460"]
[BlackElo "2189"]
[Annotator "ChessBase"]
[PlyCount "199"]
[EventDate "2019.07.08"]
[EventType "swiss"]
[EventCountry "NED"]
[SourceTitle "playchess.com"]
[Source "ChessBase"]
[SourceQuality "1"]
[TimeControl "40/5400+30:1800+30"]

1. c4 e6 2. g3 Nf6 3. Nf3 b6 4. Bg2 Bb7 5. O-O c5 6. d4 cxd4 7. Qxd4 Nc6 8. Qf4 Rc8 9. b3 d5 10. Rd1 Bd6 11. Qh4 Ne7 12. Bb2 Ng6 13. Qh3 dxc4 14. Nc3 Qe7 15. Nb5 Bc5 16. bxc4 a6 17. Nc3 O-O 18. Na4 Ne4 19. Nxc5 Qxc5 20. e3 Rfd8 21. Bd4 Qa5 22. Rdb1 b5 23. Qh5 Rxc4 24. Ne5 Rc7 25. Nxg6 hxg6 26. Qh4 g5 27. Qg4 f5 28. Qh5 Nd2 29. Qg6 Bxg2 30. Qxe6+ Rf7 31. Kxg2 Qc7 32. Rc1 Nc4 33. Qxa6 Qd7 34. Rd1 Qd5+ 35. Kg1 Ra8 36. Qg6 Qf3 37. Qxg5 Rxa2 38. Rxa2 Qxd1+ 39. Kg2 Ne5 40. Ra8+ Kh7 41. Qf4 Ng6 42. Qg5 Ne5 43. Qf4 Ng6 44. Qf3 Qxf3+ 45. Kxf3 Rb7 46. Ke2 Ne7 47. Kd3 Kg6 48. Kc3 Nd5+ 49. Kb3 Kf7 50. Rd8 Ne7 51. Bc5 Nc6 52. Rd5 g6 53. Rd6 Na5+ 54. Kb4 Nc4 55. Ra6 Ne5 56. Bd4 Nd3+ 57. Kb3 Nxf2 58. Rf6+ Ke8 59. Rxg6 Rh7 60. h4 Ne4 61. Be5 Re7 62. Bf4 Kf7 63. Rc6 Nd2+ 64. Kc3 Nc4 65. Rc5 Kg6 66. Kd3 Rd7+ 67. Ke2 Rd2+ 68. Kf3 Rb2 69. Be5 Nxe5+ 70. Rxe5 b4 71. e4 fxe4+ 72. Rxe4 b3 73. Rb4 Rb1 74. Rb7 b2 75. Kg4 Kf6 76. h5 Ke6 77. h6 Kf6 78. h7 Rh1 79. Rxb2 Rxh7 80. Rb6+ Ke5 81. Kg5 Rg7+ 82. Rg6 Ra7 83. g4 Ra5 84. Rf6 Ra8 85. Rg6 Rh8 86. Rg7 Ke6 87. Kg6 Rf8 88. g5 Rh8 89. Ra7 Rg8+ 90. Kh6 Kf5 91. Rf7+ Ke6 92. g6 Rh8+ 93. Rh7 Ra8 94. Rf7 Rh8+ 95. Kg7 Ra8 96. Rf8 Ra7+ 97. Kg8 Rb7 98. g7 Rb2 99. Rf1 Rb8+ 100. Kh7 1-0